 Dungeon Crawl Stone Soup version 0.30.0-17-ge0270778cf (webtiles) character file.

Game seed: 3079845846145739804

107 NateTC the Chopper (level 4, -7/40 HPs)
             Began as a Minotaur Fighter on May 21, 2023.
             Killed from afar by Sigmund (9 damage)
             ... with a magic dart
             ... on level 3 of the Dungeon.
             The game lasted 00:03:53 (1780 turns).

NateTC the Chopper (Minotaur Fighter)               Turns: 1780, Time: 00:03:54

Health: -7/40      AC: 10    Str: 22    XL:     4   Next: 56%
Magic:  3/3        EV:  9    Int:  5    God:
Gold:   135        SH:  5    Dex: 10    Spells: 3/3 levels left

rFire   . . .        a - +1 war axe
rCold   . . .        c - +1 buckler
rNeg    . . .        b - +0 scale mail
rPois   +            (helmet restricted)
rElec   .            f - +1 cloak
rCorr   .            p - +0 pair of gloves
SInv    .            (no boots)
Will    +....        (no amulet) Stlth
                     e - ring of willpower
HPRegen 0.26/turn    o - ring of poison resistance
MPRegen 0.08/turn

%: no passive effects
@: no status effects
A: horns 2, retaliatory headbutt
a: no special abilities


You were on level 3 of the Dungeon.
You visited 1 branch of the dungeon, and saw 3 of its levels.

You collected 135 gold pieces.

Inventory:

Hand Weapons
 a - a +1 war axe (weapon)
Armour
 b - a +0 scale mail (worn)
 c - a +1 buckler (worn)
 f - a +1 cloak (worn)
 p - a +0 pair of gloves (worn)
Jewellery
 e - a ring of willpower (left hand)
 h - a ring of flight
 o - a ring of poison resistance (right hand)
Scrolls
 g - a scroll of torment
 k - a scroll of blinking
 m - 3 scrolls of teleportation
Potions
 d - 2 potions of might
 j - 3 potions of heal wounds
 l - 2 potions of degeneration {unknown}
 n - a potion of curing {unknown}
 t - a potion of lignification {unknown}


   Skills:
 + Level 4.3 Fighting
 * Level 5.4 Axes
 - Level 3.6 Armour
 - Level 3.6 Shields


You had 3 spell levels left.
You didn't know any spells.
Your spell library contained the following spells:

 Spells                   Type           Power      Damage    Failure   Level
 Vhi's Electric Charge    Tloc/Air       0%         N/A       99%         3
 Arcjolt                  Conj/Air       0%         1d10      100%        5
 Conjure Ball Lightning   Conj/Air       0%         3x3d6     100%        6
 Discord                  Hex            0%         N/A       100%        8
 Disjunction              Tloc           0%         N/A       100%        8
 Maxwell's Capacitive Co  Air            0%         ∞         100%        8


Dungeon Overview and Level Annotations

Branches:
Dungeon (3/15) Zot: 16186

Altars:

Annotations:
D:3 Sigmund


Innate Abilities, Weirdness & Mutations

You have a pair of horns on your head.
You reflexively headbutt those who attack you in melee.


Message History

You slash Sigmund!
Sigmund is heavily wounded.
Sigmund laughs darkly.
Sigmund barely misses you.
You hit Sigmund. You headbutt Sigmund.
Sigmund is severely wounded.
Sigmund mumbles some strange words.
Sigmund flickers and vanishes!
Deactivating autopickup; reactivate with Ctrl-A.
No target in view!
No target in view!
There is a strange disturbance nearby!
You closely miss something. Something hits you!
You slash something! Your headbutt misses something. Something hits you!
You miss something. Something hits you.
You closely miss something. Your headbutt misses something. Something hits you.
Something hits you.
You closely miss something. You headbutt something. Something hits you.
* * * LOW HITPOINT WARNING * * *
You hit something but do no damage. Your headbutt misses something.
Something hits you.
* * * LOW HITPOINT WARNING * * *
You start resting.
Something hits you.
* * * LOW HITPOINT WARNING * * *
You barely miss something. Your headbutt misses something.
Something hits you but does no damage.
You hit something. You block something's attack.
You miss something. Your headbutt misses something.
You hear some strange, mumbled words.
A puff of flame appears from out of thin air!
The puff of flame hits you.
* * * LOW HITPOINT WARNING * * *
You miss something. You headbutt something.
Something hits you but does no damage.
You closely miss something. Your headbutt misses something.
You hear some strange, mumbled words.
A magic dart appears from out of thin air!
The magic dart hits you!
You die...

## ./# #.# #)#
#.#####.#
#.....#.#
########{#.#
.......@...###
########.#...#
#.#.#.# #.#.#
# #.#.# #.#.#
#.#.# #.#.#
#.. #.#


There were no monsters in sight!

Vanquished Creatures
  An orc wizard (D:3)
  3 adders
  2 worms (D:2)
  A dart slug (D:1)
  2 orcs (D:3)
  3 ball pythons
  6 bats
  4 endoplasms
  3 giant cockroaches (D:1)
  3 goblins
  A hobgoblin (D:1)
  3 quokkas
  4 frilled lizards
  4 kobolds (D:1)
  4 rats (D:1)
44 creatures vanquished.

Notes
Turn   | Place    | Note
-------+----------+-------------------------------------------
     0 | D:1      | NateTC the Minotaur Fighter began the quest for the Orb.
     0 | D:1      | Reached XP level 1. HP: 19/19 MP: 0/0
   168 | D:1      | Reached skill level 3 in Axes
   208 | D:1      | Reached XP level 2. HP: 26/26 MP: 1/1
   425 | D:1      | Reached skill level 4 in Axes
   875 | D:2      | Reached XP level 3. HP: 24/33 MP: 2/2
  1592 | D:3      | Reached skill level 5 in Axes
  1592 | D:3      | Reached XP level 4. HP: 40/40 MP: 3/3
  1760 | D:3      | Noticed Sigmund
  1778 | D:3      | HP: 2/40 [something/puff of flame (2)]
  1780 | D:3      | Killed from afar by Sigmund

Illustrated notes

Levels and vault maps discovered:
D:1:      denvon_arrival_planthouse, layout_loops_ring
D:2:      layout_basic
D:3:      cheibrodos_fertilizer, layout_basic, dreamdust_divine_triumvirate,
          amcnicky_altar_gilded, uniq_sigmund

Skill      XL: |  1  2  3 |
---------------+----------+-----
Axes           | 3 4 5 |  5.4
Fighting       | 4 |  4.3
Armour         | |  3.6
Shields        | |  3.6

Action                     |  1- 3 |  4- 6 || total
---------------------------+-------+-------++-------
  Melee: War axe           |    79 |    29 ||   108
         Headbutt          |    10 |     4 ||    14
    Use: Scroll            |    10 |       ||    10
 Armour: Scale mail        |    33 |     7 ||    40
  Dodge: Dodged            |    39 |     7 ||    46
  Block: Buckler           |    18 |     5 ||    23
